 Dungeon Crawl Stone Soup version 0.19.0-20-gbc5f0c6 (webtiles) character file.

56 Chiseanne the Bolt Thrower (level 3, 0/21 HPs)
             Began as a Deep Elf Hunter on Nov 17, 2016.
             Was an Initiate of Gozag.
             Slain by a gnoll
             ... wielding a +0 spear
              (5 damage)
             ... on level 3 of the Dungeon.
             The game lasted 00:04:31 (2113 turns).

Chiseanne the Bolt Thrower (Deep Elf Hunter)        Turns: 2113, Time: 00:04:32

Health: 0/21       AC:  3    Str:  9    XL:     3   Next: 69%
Magic:  5/5        EV: 13    Int: 15    God:    Gozag
Gold:   157        SH:  0    Dex: 16    Spells: 0 memorised, 2 levels left

rFire  . . .     SeeInvis .     w - +1 hand crossbow
rCold  . . .     Gourm    +     c - +0 leather armour
rNeg   . . .     Faith    .     (no shield)
rPois  .         Spirit   .     (no helmet)
rElec  .         Reflect  .     (no cloak)
rCorr  .         Harm     .     (no gloves)
MR     .....                    (no boots)
Stlth  ++........               m - amulet of the gourmand
                                (no ring)
                                (no ring)

@: no status effects
A: no striking features
a: Potion Petition, Call Merchant, Bribe Branch, Renounce Religion


You were on level 3 of the Dungeon.
You worshipped Gozag.
Gozag was aware of your devotion.
You were not hungry.

You visited 1 branch of the dungeon, and saw 3 of its levels.

You collected 180 gold pieces.
You paid 23 gold pieces to Gozag.

Inventory:

Hand Weapons
 a - a +0 short sword
 w - a +1 hand crossbow (weapon)
Missiles
 d - 22 bolts (quivered)
 g - 55 arrows
 l - 46 stones
 o - 6 tomahawks
Armour
 c - a +0 leather armour (worn)
 k - a +0 buckler
Jewellery
 m - an amulet of the gourmand (around neck)
Scrolls
 b - a scroll of recharging {unknown}
 e - 2 scrolls of remove curse
 i - a scroll of identify {unknown}
 j - a scroll of teleportation
Potions
 h - a potion of resistance {unknown}
 n - a potion of haste {unknown}
 p - a potion of magic {unknown}
Comestibles
 f - 2 bread rations


   Skills:
 + Level 2.2 Fighting
 * Level 4.1 Crossbows
 + Level 3.4 Dodging
 - Level 1.2 Stealth


You had 2 spell levels left.
You didn't know any spells.

Dungeon Overview and Level Annotations

Branches:
Dungeon (3/15)

Altars:
Gozag
Yredelemnul


Message History

The gnoll is severely wounded.
The gnoll hits you with a club. The gnoll barely misses you.
The gnoll completely misses you. x2
Firing (i - inventory. (,) - cycle):
d - 24 bolts (quivered)
Press: ? - help, Shift-Dir - straight line, f - gnoll, p - gnoll
Aim: a gnoll, wielding a spear (severely wounded)
You shoot a bolt. The bolt barely misses the gnoll.
The bolt hits the gnoll.
The gnoll is almost dead.
The gnoll hits you. The gnoll barely misses you.
The gnoll hits you but does no damage.
Firing (i - inventory. (,) - cycle):
d - 23 bolts (quivered)
Press: ? - help, Shift-Dir - straight line, f/p - gnoll
Aim: a gnoll, wielding a spear (almost dead)
You shoot a bolt. The bolt hits the gnoll.
The gnoll is almost dead.
The gnoll hits you with a club.
* * * LOW HITPOINT WARNING * * *
The gnoll hits you from afar with a spear.
You die...
Your body crumbles into a pile of gold.

#.##....##
#.###
#.####..#
#.... #.#
#.## #####
#.## #.# #
#..# #.#
##.# #.##
#.# #..####
#####
#.###.....#
#...#
#.gg@.#
###.#
#.g#### #.#
#.(# #..
#..# ###
#..(# #
#..#..
#.###(# #.
(# ## (#


You could see 3 gnolls.

Vanquished Creatures
  An adder (D:2)
  A worm (D:2)
  2 dart slugs
  2 leopard geckos
  6 bats
  4 hobgoblins
  4 jackals (D:3)
  3 kobolds (D:2)
  3 ball pythons
  2 frilled lizards (D:2)
  A giant cockroach zombie (D:3)
  A goblin (D:1)
  9 rats
39 creatures vanquished.

Notes
Turn   | Place    | Note
-------+----------+-------------------------------------------
     0 | D:1      | Chiseanne the Deep Elf Hunter began the quest for the Orb.
     0 | D:1      | Reached XP level 1. HP: 12/12 MP: 3/3
   329 | D:1      | Reached XP level 2. HP: 17/17 MP: 4/4
  1243 | D:2      | Reached skill level 4 in Crossbows
  1303 | D:2      | Found an opulent altar of Gozag.
  1354 | D:2      | Reached XP level 3. HP: 21/21 MP: 5/5
  1469 | D:2      | Became a worshipper of Gozag Ym Sagoz the Greedy
  1894 | D:3      | Found a basalt altar of Yredelemnul.
  2113 | D:3      | Slain by a gnoll

Skill      XL: |  1  2  3 |
---------------+----------+-----
Crossbows      | 4 |  4.1
Dodging        | 3 |  3.4
Fighting       | 2 |  2.2
Stealth        | |  1.2

Action                   || total
-------------------------++-------
Melee: Short sword       ||    16
 Fire: Hand crossbow     ||    77
Throw: Stone             ||     3
  Use: Scroll            ||     5
  Eat: Chunk             ||     4
       Fruit             ||     3
       Beef jerky        ||     1
Armor: Leather armour    ||    12
Dodge: Dodged            ||    38
